 Dungeon Crawl Stone Soup version 0.29.0-7-g18a832c13a (webtiles) character file.

Game seed: 18069472019135907062

49038 benadryl the Brawler (level 14, -1/144 HPs)
             Began as a Troll Berserker on Aug 30, 2022.
             Was an Elder of Trog.
             Slain by a seven-headed hydra (3 damage)
             ... on level 5 of the Lair of Beasts.
             The game lasted 00:41:05 (13252 turns).

benadryl the Brawler (Troll Berserker)             Turns: 13252, Time: 00:41:06

Health: -1/144     AC: 10    Str: 35    XL:     14   Next: 14%
Magic:  13/13      EV: 13    Int:  3    God:    Trog [****..]
Gold:   1106       SH:  7    Dex:  9    Spells: 13/13 levels left

rFire   . . .      SeeInvis .   a - +0 demon whip (chaos)
rCold   . . .      Faith    .   j - +0 kite shield {rPois}
rNeg    . . .      Spirit   .   K - +0 troll leather armour
rPois   +          Reflect  .   (helmet restricted)
rElec   .          Harm     .   h - scarf {shadows}
rCorr   .          Rampage  .   (gloves unavailable)
Will    ++...                   (boots unavailable)
Stlth   +.........              G - amulet of the acrobat
HPRegen 1.94/turn               S - +4 ring of evasion
MPRegen 0.13/turn               c - ring of the Bouncing Priests {Will+ AC+4 Str+3}

@: no status effects
A: large, unfitting armour, claws 3, regeneration 1, shaggy fur 1, tough skin 1
a: Renounce Religion, Berserk, Trog's Hand, Brothers in Arms


You were on level 5 of the Lair of Beasts.
You worshipped Trog.
Trog was greatly pleased with you.
You visited 2 branches of the dungeon, and saw 15 of its levels.
You also visited: Bailey and Gauntlet.

You collected 1106 gold pieces.

Inventory:

Hand Weapons
 a - a +0 demon whip of chaos (weapon)
Missiles
 m - 7 javelins (quivered)
 o - 10 boomerangs
 q - 2 throwing nets
 U - 6 curare-tipped darts
Armour
 h - a scarf of shadows (worn)
 j - a +0 kite shield of poison resistance (worn)
 l - a +2 robe of fire resistance
 K - a +0 troll leather armour (worn)
 P - +0 acid dragon scales
 T - a +0 tower shield
Jewellery
 c - the ring of the Bouncing Priests (right claw) {Will+ AC+4 Str+3}
   (You found it in a Gauntlet)

   [ring of protection]

   AC:        It affects your AC (+4).
   Str:       It affects your strength (+3).
   Will:      It increases your willpower.
 B - a ring of protection from fire
 C - a +6 ring of dexterity
 G - an amulet of the acrobat (around neck)
 I - a ring of flight
 J - a +4 ring of evasion
 S - a +4 ring of evasion (left claw)
 Y - a +6 ring of strength
Wands
 n - a wand of charming (23)
 w - a wand of iceblast (10)
 x - a wand of mindburst (39)
 y - a wand of digging (6)
 A - a wand of quicksilver (17)
 V - a wand of flame (6)
Scrolls
 g - 3 scrolls of magic mapping
 i - a scroll of fear
 k - 4 scrolls of amnesia
 p - 7 scrolls of teleportation
 r - a scroll of summoning
 s - 4 scrolls of enchant armour
 N - 5 scrolls of silence
 W - a scroll of vulnerability
 X - a scroll of identify {@r1}
Potions
 b - a potion of mutation
 d - 6 potions of curing {@q1}
 e - 5 potions of degeneration
 f - 6 potions of brilliance
 t - 3 potions of haste
 u - 3 potions of resistance
 v - 3 potions of might
 z - 4 potions of ambrosia
 E - a potion of invisibility
 F - 2 potions of attraction
 H - 3 potions of flight
 M - a potion of cancellation {unknown}
 R - 4 potions of heal wounds
Miscellaneous
 L - a condenser vane
 O - a piece from Xom's chessboard (15/15)


   Skills:
 + Level 10.4 Fighting
 + Level 9.8 Throwing
 - Level 4.7 Armour
 - Level 5.4 Dodging
 + Level 3.7 Shields
 * Level 16.6 Unarmed Combat


You had 13 spell levels left.
You didn't know any spells.
Your spell library was empty.

Dungeon Overview and Level Annotations

Branches:
Dungeon (10/15)            Temple (0/1) D:5            Lair (5/5) D:10
  Swamp (0/4) Lair:3       Spider (0/4) Lair:2        Slime (0/5) Lair:5
    Orc (0/2) D:9          Bailey (visited)         Gauntlet (visited)

Altars:
Ashenzari
Dithmenos
Fedhas
Gozag
Hepliaklqana
Kikubaaqudgha
Makhleb
Okawaru
Trog
Uskayaw
Xom
Zin
Jiyva


Innate Abilities, Weirdness & Mutations

You are too large for most types of armour.
You have claws for hands.
Your natural rate of healing is unusually fast.
You are covered in fur. (AC +1)
You have tough skin. (AC +1)


Message History

a - a +0 demon whip of chaos (weapon)
The seven-headed hydra bites you!
You block the seven-headed hydra's attack.
The seven-headed hydra misses you.
The seven-headed hydra closely misses you.
The seven-headed hydra bites you but does no damage.
The seven-headed hydra bites you.
You block the seven-headed hydra's attack.
You whack the seven-headed hydra!
Space warps around the seven-headed hydra.
The seven-headed hydra is moderately wounded.
The seven-headed hydra bites you.
You block the seven-headed hydra's attack.
The seven-headed hydra bites you!
The seven-headed hydra barely misses you.
You block the seven-headed hydra's attack.
The seven-headed hydra bites you! The seven-headed hydra misses you.
You whack the seven-headed hydra!
The seven-headed hydra is heavily wounded.
The seven-headed hydra barely misses you.
The seven-headed hydra bites you but does no damage. x3
The seven-headed hydra bites you!
The seven-headed hydra bites you but does no damage. x2
You hit the seven-headed hydra.
The seven-headed hydra goes berserk!
The seven-headed hydra is heavily wounded.
The seven-headed hydra barely misses you.
The seven-headed hydra bites you!
The seven-headed hydra bites you but does no damage.
The seven-headed hydra bites you. The seven-headed hydra bites you!
You block the seven-headed hydra's attack.
The seven-headed hydra bites you!
You block the seven-headed hydra's attack.
The seven-headed hydra bites you!! The seven-headed hydra bites you!
* * * LOW HITPOINT WARNING * * *
The seven-headed hydra bites you!
* * * LOW HITPOINT WARNING * * *
The seven-headed hydra bites you!
* * * LOW HITPOINT WARNING * * *
The seven-headed hydra bites you.
You die...

... ### ...##
#...##P#### .....
##...#..P..###.....
#..................
##.................
##...........<......
#(....P.............
#..........###...###
#(..D@....# .....
#..........# ....##
##...>_.....# ....#
#...........# ...##
##..........#
##...$.....#
....###.###


You could see a seven-headed hydra (berserk).

Vanquished Creatures
  An orc warlord (Bailey)
  3 hydras
  8 death yaks
  A thrashing horror (Gauntlet)
  Sonja (Lair:2)
  Amaemon (Lair:1)
  A wizard (Gauntlet)
  A deep elf pyromancer (D:7)
  An oklob plant (Lair:4)
  2 black mambas
  A gargoyle (D:8)
  A torpor snail (Lair:1)
  An orange demon (Lair:1)
  An unseen horror (D:10)
  A demonic crawler (Lair:2)
  16 cane toads
  A rime drake (Lair:2)
  5 komodo dragons
  3 trolls
  2 hornets
  4 blink frogs
  Sigmund (D:4)
  2 shadows
  2 centaur simulacra (Gauntlet)
  4 wraiths
  A vampire (D:10)
  A human (D:9)
  6 wyverns
  39 yaks
  A steam dragon (D:10)
  A vampire mosquito (D:10)
  2 wargs (D:9)
  3 swamp worms (Lair:3)
  Duvessa (D:6)
  4 acid dragons (D:10)
  2 small abominations (Gauntlet)
  4 water moccasins
  16 orc warriors
  An ice beast (D:7)
  A black bear (D:6)
  4 ogres
  A sky beast (D:7)
  11 wolves (Lair:1)
  7 centaurs
  2 phantoms
  5 scorpions
  9 bullfrogs
  2 necrophages
  2 wights
  Dowan (D:6)
  10 killer bees
  An electric eel (Lair:2)
  2 vampire bats (D:5)
  7 howler monkeys
  A wyvern simulacrum (Gauntlet)
  6 orc priests
  2 jellies
  6 hounds
  2 gnoll boudas
  5 iguanas
  19 hell rats
  9 orc wizards
  18 gnolls
  6 adders
  6 river rats
  3 shadow imps
  2 white imps (Gauntlet)
  An ufetubus (D:7)
  4 worms
  A dart slug (D:4)
  38 orcs
  5 ball pythons
  7 bats
  A bat skeleton (D:5)
  4 bat zombies (D:5)
  6 endoplasms
  7 giant cockroaches
  22 goblins
  15 hobgoblins
  4 jackals (D:1)
  10 kobolds
  4 quokkas
  2 frilled lizards
  16 rats
444 creatures vanquished.

Vanquished Creatures (collateral kills)
  A minotaur (Gauntlet)
  A hydra (Lair:1)
  Erica (Lair:2)
  Maggie (Lair:2)
  An orc priest (D:10)
5 creatures vanquished.

Vanquished Creatures (others)
  15 fungi
  14 plants
29 creatures vanquished.

Grand Total: 478 creatures vanquished

Notes
Turn   | Place    | Note
-------+----------+-------------------------------------------
     0 | D:1      | benadryl the Troll Berserker began the quest for the Orb.
     0 | D:1      | Reached XP level 1. HP: 22/22 MP: 0/0
   124 | D:1      | Reached XP level 2. HP: 29/29 MP: 1/1
   456 | D:1      | Reached XP level 3. HP: 36/36 MP: 2/2
   790 | D:2      | Reached ** piety under Trog
   799 | D:2      | Reached skill level 4 in Unarmed Combat
  1132 | D:2      | Identified the +0 ring mail "Eshelul" {-Cast -Tele rN+++
                  | Str+5}
  1481 | D:3      | Reached XP level 4. HP: 45/45 MP: 3/3
  1543 | D:3      | Found a glowing silver altar of Zin.
  1558 | D:3      | Found a blossoming altar of Fedhas.
  1568 | D:3      | Found a hide-covered altar of Uskayaw.
  1591 | D:3      | Found a shimmering altar of Xom.
  1655 | D:3      | Found a faded altar of an unknown god.
  1968 | D:4      | Noticed Sigmund
  1991 | D:4      | Killed Sigmund
  1992 | D:4      | Reached skill level 5 in Unarmed Combat
  1992 | D:4      | Reached XP level 5. HP: 37/54 MP: 4/4
  1992 | D:4      | Reached XP level 6. HP: 42/62 MP: 5/5
  2038 | D:4      | Reached skill level 6 in Unarmed Combat
  2090 | D:4      | Reached *** piety under Trog
  2157 | D:4      | Found an iron altar of Okawaru.
  2157 | D:4      | Found a shadowy altar of Dithmenos.
  2797 | D:5      | Entered Level 5 of the Dungeon
  2797 | D:5      | Found a hazy altar of Hepliaklqana.
  2966 | D:5      | Reached XP level 7. HP: 70/70 MP: 6/6
  2972 | D:5      | Found a staircase to the Ecumenical Temple.
  2980 | D:5      | Reached skill level 7 in Unarmed Combat
  3571 | D:5      | Found an ancient bone altar of Kikubaaqudgha.
  3578 | D:5      | Reached skill level 8 in Unarmed Combat
  3695 | D:6      | Reached skill level 5 in Fighting
  3710 | D:6      | Reached XP level 8. HP: 75/80 MP: 7/7
  3814 | D:6      | Noticed Duvessa
  3820 | D:6      | Killed Duvessa
  3827 | D:6      | Reached skill level 1 in Throwing
  3829 | D:6      | Noticed Dowan
  3839 | D:6      | Killed Dowan
  3935 | D:6      | Identified the +6 scale mail of Dicuefi {-Cast rF+ rN++
                  | Will++}
  4203 | D:6      | Reached skill level 9 in Unarmed Combat
  4616 | D:7      | Reached XP level 9. HP: 88/89 MP: 8/8
  4649 | D:7      | Reached skill level 10 in Unarmed Combat
  4659 | D:7      | Noticed a deep elf pyromancer
  4667 | D:7      | Killed a deep elf pyromancer
  4683 | D:7      | Noticed a komodo dragon
  4698 | D:7      | HP: 2/92 [komodo dragon (19)]
  4900 | D:7      | Killed a komodo dragon
  4968 | D:7      | Reached skill level 11 in Unarmed Combat
  5110 | D:7      | Reached **** piety under Trog
  5156 | D:7      | Reached XP level 10. HP: 97/100 MP: 9/9
  5537 | D:8      | Found a bloodstained altar of Trog.
  5550 | D:7      | Reached skill level 5 in Throwing
  5861 | D:8      | Paralysed by a hornet for 3 turns
  6041 | D:8      | Found a burning altar of Makhleb.
  6166 | D:8      | Noticed a gargoyle
  6174 | D:8      | Killed a gargoyle
  6601 | D:9      | Reached skill level 12 in Unarmed Combat
  6935 | D:9      | Found a staircase to the Orcish Mines.
  7236 | D:10     | Entered Level 10 of the Dungeon
  7281 | D:10     | Reached XP level 11. HP: 96/111 MP: 10/10
  7355 | D:10     | Noticed a death yak
  7368 | D:10     | Noticed a death yak
  7383 | D:10     | Noticed a death yak
  7388 | D:10     | Killed a death yak
  7389 | D:10     | Reached skill level 13 in Unarmed Combat
  7394 | D:10     | Killed a death yak
  7397 | D:10     | Killed a death yak
  7442 | D:10     | Found a staircase to the Lair.
  7467 | D:10     | Found a flagged portal.
  7475 | Bailey   | Entered a bailey
  7631 | Bailey   | Noticed an orc warlord
  7639 | Bailey   | Killed an orc warlord
  7643 | Bailey   | Reached ***** piety under Trog
  7686 | Bailey   | Identified the +1 leather armour of Vehumet's Hope {Dex+4}
  7697 | Bailey   | Reached skill level 5 in Dodging
  7697 | Bailey   | Reached XP level 12. HP: 122/122 MP: 11/11
  7998 | D:10     | Found a broken altar of Ashenzari.
  8104 | D:10     | Reached skill level 14 in Unarmed Combat
  8587 | D:10     | Found an opulent altar of Gozag.
  8957 | Lair:1   | Entered Level 1 of the Lair of Beasts
  8962 | Lair:1   | Received a gift from Trog
  8972 | Lair:1   | Noticed Amaemon
  8982 | Lair:1   | Killed Amaemon
  8985 | Lair:1   | Reached XP level 13. HP: 131/131 MP: 12/12
  9138 | Lair:1   | Reached skill level 15 in Unarmed Combat
  9721 | Lair:2   | Noticed Maggie
  9721 | Lair:2   | Noticed Erica
  9729 | Lair:2   | Killed Maggie
  9734 | Lair:2   | Killed Erica
  9850 | Lair:2   | Found a hole to the Spider Nest.
 10062 | Lair:2   | Noticed Sonja
 10068 | Lair:2   | Killed Sonja
 10616 | Lair:2   | Identified a scroll of acquirement
 10616 | Lair:2   | Acquired a +0 kite shield of poison resistance
 10904 | Lair:3   | Reached skill level 1 in Shields
 10993 | Lair:3   | Found a gate leading to a gauntlet.
 10998 | Gauntlet | Entered a Gauntlet
 10998 | Gauntlet | Found a transporter.
 11002 | Gauntlet | Found a transporter.
 11004 | Gauntlet | Found a transporter.
 11018 | Gauntlet | Found a transporter.
 11020 | Gauntlet | Found a transporter.
 11029 | Gauntlet | Found a transporter.
 11045 | Gauntlet | Found a transporter.
 11055 | Gauntlet | Found a transporter.
 11065 | Gauntlet | Found a transporter.
 11079 | Gauntlet | Found a transporter.
 11086 | Gauntlet | Found a runed translucent door.
 11089 | Gauntlet | Found a transporter.
 11092 | Gauntlet | Found a transporter.
 11102 | Gauntlet | Found a runed translucent door.
 11216 | Gauntlet | Found a transporter.
 11275 | Gauntlet | Identified the ring of the Bouncing Priests {Will+ AC+4
                  | Str+3}
 11296 | Gauntlet | Noticed a minotaur
 11297 | Gauntlet | Killed a minotaur
 11298 | Gauntlet | Reached skill level 10 in Fighting
 11448 | Lair:3   | Reached skill level 16 in Unarmed Combat
 11729 | Lair:3   | Reached XP level 14. HP: 143/143 MP: 13/13
 12050 | Lair:3   | Found a staircase to the Swamp.
 13237 | Lair:5   | Entered Level 5 of the Lair of Beasts
 13240 | Lair:5   | Found a viscous altar of Jiyva.
 13242 | Lair:5   | Found a staircase to the Slime Pits.
 13252 | Lair:5   | HP: 2/144 [seven-headed hydra (17)]
 13252 | Lair:5   | Slain by a seven-headed hydra

Illustrated notes

Levels and vault maps discovered:
D:1:      lightli_arrival_boilingwater, layout_basic
D:2:      layout_loops_ring, kennysheep_decorative_pillar, hex_large
D:3:      layout_basic, xom_confusion_cloud, mainiacjoe_overflow_catwalk,
          amethyst_overflow_temple_binary, shapermc_ecumenical_altar_rom_forum
D:4:      layout_loops_ring, jmf_multi_god_temple, wad_floor_pattern_untrapped,
          kennysheep_generic_room_10, uniq_sigmund
D:5:      layout_basic, lemuel_crystal_altar, kennysheep_vampire_church,
          minmay_temple_entry_trees
D:6:      layout_basic, minmay_pentangle, uniq_duvessa
D:7:      cheibrodos_fzero, layout_basic, st_stairs_5
D:8:      layout_basic, lemuel_tele_altar, lemuel_crystal_altar
D:9:      layout_roguey, erik_orc_4, minivault_23, minivault_23, dk_vineyard_3
D:10:     layout_long_grid, grunt_gozag_statues, mainiacjoe_overflow_boulevard,
          dpeg_lair_monsters, enter_bailey_2, serial_park_tiny_1,
          grunt_ministairs_4, minmay_misc_feat_diagonals,
          amcnicky_mini_rare_corridor_liquid, st_stairs_14,
          statue_in_the_mist_lemuel, kennysheep_kite_vault
Lair:1:   layout_hall_layers, serial_bayou_shore_b, uniq_amaemon
Lair:2:   layout_loops_ring, nicolae_spider_entry_non_spiders,
          nicolae_quartered_pool_little, small_statue_intersection,
          chequers_serial_rivers_micro_c, kennysheep_abandoned_house,
          uniq_erica, uniq_maggie, uniq_sonja
Lair:3:   layout_regular_city, palyth_hydra_swamp_entry, gauntlet_entry_generic,
          infiniplex_staircase_pool
Lair:4:   layout_cave_shapes, dreamdust_gnoll_shepherd
Lair:5:   hangedman_lair_caniforms_friends, layout_regular_city,
          minmay_slime_entry_oklob_open

Skill      XL: |  1  2  3  4  5  6  7  8  9 10 11 12 13 |
---------------+----------------------------------------+-----
Unarmed Combat | 4 5 6 8 9 11 12 13 14 16 | 16.6
Fighting       | 3 4 5 6 7 8 9 10 | 10.4
Throwing       | 3 4 6 7 8 9 |  9.8
Armour         | 4 |  4.7
Dodging        | 5 |  5.4
Shields        | 3 |  3.7

Action                   |  1- 3 |  4- 6 |  7- 9 | 10-12 | 13-15 || total
-------------------------+-------+-------+-------+-------+-------++-------
Melee: Unarmed           |   104 |   137 |   198 |   351 |   373 ||  1163
       Punch             |     1 |     2 |     6 |    24 |    10 ||    43
       Demon whip        |       |       |       |       |     3 ||     3
Throw: Boomerang         |       |       |     1 |    18 |    16 ||    35
       Javelin           |       |       |       |     9 |    11 ||    20
Invok: Berserk           |       |       |     6 |     8 |     3 ||    17
       Trog's Hand       |       |       |     3 |     2 |     2 ||     7
       Brothers in Arms  |       |       |       |     2 |     6 ||     8
Evoke: Condenser vane    |       |       |       |     1 |       ||     1
  Use: Scroll            |       |       |    12 |    12 |    15 ||    39
       Potion            |       |       |     1 |     3 |       ||     4
 Stab: Distracted        |       |     1 |       |       |       ||     1
Armor: Animal skin       |    52 |    18 |       |       |       ||    70
       Robe              |       |    26 |    80 |    41 |       ||   147
       Troll leather arm |       |       |       |    48 |    66 ||   114
Dodge: Dodged            |    62 |    48 |    89 |   255 |   261 ||   715
Block: Kite shield       |       |       |       |       |    73 ||    73
